 Dungeon Crawl Stone Soup version 0.25.1-1-g288607f5aa (webtiles) character file.

Game seed: 9670127258136916598

183 Milting the Insei (level 5, -3/37 HPs)
             Began as an Octopode Transmuter on July 19, 2020.
             Was an Initiate of the Shining One.
             Slain by a slave (10 damage)
             ... led by Pikel
             ... on level 4 of the Dungeon.
             The game lasted 00:11:48 (3822 turns).

Milting the Insei (Octopode Transmuter)             Turns: 3822, Time: 00:11:49

Health: -3/37      AC:  1    Str: 10    XL:     5   Next: 62%
Magic:  16/17      EV: 14    Int: 15    God:    the Shining One [......]
Gold:   165        SH:  0    Dex: 13    Spells: 7/8 levels left

rFire    . . .     SeeInvis .     - Unarmed
rCold    . . .     Gourm    .   (no shield)
rNeg     . . .     Faith    .   (helmet restricted)
rPois    .         Spirit   .   (no amulet)
rElec    .         Reflect  .   b - ring of flight
rCorr    .         Harm     .   j - ring of magical power
MR       .....                  (no ring)
Stlth    +.........             (no ring)
HPRegen  0.12/turn              (no ring)
MPRegen  0.15/turn              (no ring)
                                (no ring)
                                (no ring)

@: appendage, glowing
A: almost no armour, stealthy swim, amphibious, 8 rings, constrict 8, tentacle
spike 3, camouflage 1, gelatinous body 1
a: End Transformation, Renounce Religion, Evoke Flight


You were on level 4 of the Dungeon.
You worshipped the Shining One.
The Shining One was noncommittal.
You were not hungry.
One of your tentacles had a temporary spike.
You visited 1 branch of the dungeon, and saw 4 of its levels.

You collected 165 gold pieces.

Inventory:

Missiles
 a - 68 arrows
 h - 108 stones (quivered)
 n - 32 bolts
Jewellery
 b - a ring of flight (left tentacle)
 j - a ring of magical power (right tentacle)
Scrolls
 d - a scroll of fog {unknown}
 e - 8 scrolls of identify {unknown}
 f - a scroll of amnesia {unknown}
 i - a scroll of remove curse {unknown}
 k - a scroll of teleportation {unknown}
 o - 2 scrolls of immolation {unknown}
 q - a scroll of noise {unknown}
Potions
 g - 2 potions of heal wounds {unknown}
 l - a potion of stabbing {unknown}
 m - a potion of mutation {unknown}
Comestibles
 c - 3 rations


   Skills:
 + Level 4.0 Fighting
 - Level 3.0 Dodging
 + Level 4.0 Unarmed Combat
 - Level 2.0 Spellcasting
 - Level 2.0 Transmutations


You had 7 spell levels left.
You knew the following spells:

 Your Spells              Type           Power        Failure   Level  Hunger
a - Beastly Appendage     Tmut           #.....       10%         1    #......

Your spell library contained the following spells:

 Spells                   Type           Power        Failure   Level  Hunger
 Sticks to Snakes         Tmut           #.......     14%         2    ###....
 Spider Form              Tmut/Pois      #.........   41%         3    ###....
 Ice Form                 Ice/Tmut       #.......     82%         4    #####..
 Blade Hands              Tmut           #.........   95%         5    ######.


Dungeon Overview and Level Annotations

Branches:
Dungeon (4/15)
 Temple: D:4-7

Altars:
Qazlal
Uskayaw
The Shining One

Annotations:
D:4 Pikel


Innate Abilities, Weirdness & Mutations

You cannot wear most types of armour.
You are very stealthy in the water. (Stealth+)
You are amphibious.
You can wear up to eight rings at the same time.
You can use your tentacles to constrict eight enemies at once.
Your skin changes colour to match your surroundings (Stealth+).
Your rubbery body absorbs attacks. (AC +1, EV +1)
One of your tentacles bears a large vicious spike.


Message History

You constrict Pikel. Pikel closely misses you.
You tentacle-slap Pikel but do no damage.
Pikel is heavily wounded.
You constrict Pikel, but do no damage.
Pikel hits you with a +1 whip of electrocution!
You tentacle-slap Pikel. You squeeze Pikel.
Pikel is severely wounded.
You constrict Pikel. Pikel misses you. The slave hits you.
Casting: Beastly Appendage (safe; 10% risk of failure)
Confirm with . or Enter, or press ? or * to list all spells.
One of your tentacles grows a vicious spike.
You constrict Pikel. Pikel misses you. The slave hits you!
You tentacle-slap Pikel but do no damage.
You pierce Pikel.
You squeeze Pikel, but do no damage.
Pikel is almost dead.
You constrict Pikel.
Pikel hits you with a +1 whip of electrocution.
* * * LOW HITPOINT WARNING * * *
The slave hits you!
You die...

########
#....p@#
#.####K#
####.####.#
#.......#.#
#....##.##.#.#
.... #.##.#.#
#.. #......#
## ####.###
#......#


You could see Pikel and a slave.

Vanquished Creatures
  A scorpion (D:4)
  6 adders
  2 oozes (D:3)
  2 worms
  A dart slug (D:3)
  3 leopard geckos
  5 orcs
  5 bats
  2 giant cockroaches
  2 goblins
  6 hobgoblins
  3 quokkas (D:3)
  3 frilled lizards
  A jackal skeleton (D:3)
  8 kobolds
  13 rats
63 creatures vanquished.

Notes
Turn   | Place    | Note
-------+----------+-------------------------------------------
     0 | D:1      | Milting the Octopode Transmuter began the quest for the
                  | Orb.
     0 | D:1      | Reached XP level 1. HP: 13/13 MP: 3/3
   297 | D:1      | Reached XP level 2. HP: 19/19 MP: 5/5
   829 | D:1      | You fall into a shaft and drop 1 floor!
   829 | D:2      | Found a hide-covered altar of Uskayaw.
  1053 | D:2      | Reached XP level 3. HP: 21/25 MP: 6/6
  1476 | D:2      | Noticed a +0 hand axe
  1476 | D:2      | Noticed a -1 hand axe
  1592 | D:2      | Found a stormy altar of Qazlal.
  1946 | D:2      | Found a glowing golden altar of the Shining One.
  1950 | D:2      | Became a worshipper of the Shining One
  2577 | D:3      | Reached XP level 4. HP: 16/31 MP: 7/7
  3128 | D:3      | Reached XP level 5. HP: 36/36 MP: 8/8
  3764 | D:4      | Noticed Pikel
  3764 | D:4      | Noticed a slave
  3764 | D:4      | Noticed a slave
  3822 | D:4      | Slain by a slave

Illustrated notes

Levels and vault maps discovered:
D:1:      dpeg_arrival_rooms_c, layout_basic, minmay_rat_gold_closets
D:2:      layout_loops_corners, nicolae_tso_carved_into_rock,
          grunt_qazlal_sundering, dancing_weapons_uskayaw,
          kennysheep_generic_room_10
D:3:      layout_loops_ring
D:4:      layout_loops_corners, marbit_many_paths, serial_shops, shop,
          uniq_pikel, uniq_edmund

Skill      XL: |  1  2  3  4  5 |
---------------+----------------+-----
Fighting       | 2 3 4 |  4.0
Dodging        | 3 |  3.0
Unarmed Combat | 4 |  4.0
Spellcasting   | |  2.0
Transmutations | |  2.0

Action                   |  1- 3 |  4- 6 || total
-------------------------+-------+-------++-------
Melee: Unarmed           |   100 |    64 ||   164
       Constrict         |    24 |    15 ||    39
       Kick              |     2 |     4 ||     6
       Tentacles         |     8 |    16 ||    24
       Punch             |     2 |     2 ||     4
Throw: Stone             |    16 |    24 ||    40
 Cast: Beastly Appendage |     2 |     3 ||     5
 Stab: Sleeping          |     6 |       ||     6
  Eat: Chunk             |     3 |     3 ||     6
       Ration            |       |     1 ||     1
Armor: Skin              |     3 |     1 ||     4
Dodge: Dodged            |    47 |    33 ||    80
